Cogmind - Beta 12 @@@ ROGUE MODE // 2023.09.14 @ 16:12:54 Player: DuckBoy Result: Self-destructed Performance ------------- Evolutions (4) 2000 Regions Visited (13) 2600 Robots Destroyed (214) 1070 Value Destroyed (10017) 10017 Prototype IDs (27) 540 Alien Tech Used (0) 0 Bonus (8054) 8054 TOTAL SCORE: 24281 Bonus ------- High Alert Combat Kills 2643 Follower Combat Kills 2440 Entered Garrisons 800 Used RIF Installer 2000 Aligned with FarCom 300 Friendly Fire -129 Cogmind --------- Core Integrity 291/850 Matter 34/300 Energy 26/100 System Corruption 0% Temperature Warning (358) Movement Core (4800) Ox95 Location -6/Factory Parts ------- > --- POWER (1) -------- (None) > --- PROPULSION (6) --- (None) > --- UTILITY (6) ------ Huge Storage Unit Humpback Graphene Brace System Shield System Shield > --- WEAPON (2) ------- Dispersion Rifle > --- INVENTORY (35) --- Improved Light Armor Plating Hacking Suite Hacking Suite Relay Coupler [Demolisher] (27) System Restoration Module Heavy Linear Accelerator Remote Datajack Peak State ------------ > --- POWER ------------ Improved Deuterium Engine > --- PROPULSION ------- Light Treads Light Treads Armored Treads Medium Treads Medium Treads Improved Medium Treads > --- UTILITY ---------- Advanced Heat Sink Huge Storage Unit Advanced Transmission Jammer System Shield System Shield Relay Coupler [NC] > --- WEAPON ----------- Matter Neutralizer Matter Neutralizer > --- INVENTORY -------- Cooled Ion Engine Improved Deuterium Engine Light Treads Humpback Improved Light Armor Plating Graphene Brace Force Field Hacking Suite Hacking Suite Relay Coupler [Demolisher] System Restoration Module Dispersion Rifle Matter Neutralizer Heavy Linear Accelerator Micro-nuke Launcher Remote Datajack [Rating: 64] Favorites ----------- Power Cooled Ion Engine Engine Cooled Ion Engine Power Core Light Nuclear Core Reactor Particle Reactor Propulsion Light Treads Treads Light Treads Leg Carbon-fiber Leg Wheel Wheel Utility System Shield Device Advanced Heat Sink Storage High-capacity Storage Unit Processor Improved Targeting Computer Hackware System Shield Weapon Remote Datajack Energy Gun Shock Rifle Energy Cannon Guided Plasma Cannon Ballistic Gun High-powered Shotgun Ballistic Cannon Advanced Assault Cannon Launcher Micro-nuke Launcher Special Weapon Remote Datajack Special Melee Weapon Improved Datajack Build | -11 -10 -10 -10 -9 -8 -8 -8 -8 -7 -7 -7 -7 -6 ------- Run | Jun Mat Min Exi Min Mat Gar Mat Gar Fac Gar Fac Gar Fac Slots Evolved 8 | . . . . . 4 . . . 2 . . . 2 Power . | . . . . . . . . . . . . . . Propulsion 4 | . . . . . 3 . . . . . . . 1 Utility 4 | . . . . . 1 . . . 2 . . . 1 Weapon . | . . . . . . . . . . . . . . Parts Attached 255 | 5 8 1 1 6 12 26 23 16 87 16 10 24 20 Power 17 | 1 2 1 . 2 . 1 1 . 3 1 1 2 2 Engine 15 | 1 2 . . 2 . 1 1 . 3 . 1 2 2 Core 1 | . . 1 . . . . . . . . . . . Reactor 1 | . . . . . . . . . . 1 . . . Propulsion 69 | 2 . . . 1 6 6 7 2 25 5 5 7 3 Treads 59 | 2 . . . 1 6 4 7 2 18 5 5 6 3 Leg 3 | . . . . . . 2 . . . . . 1 . Wheel 7 | . . . . . . . . . 7 . . . . Hover . | . . . . . . . . . . . . . . Flight . | . . . . . . . . . . . . . . Utility 59 | . 3 . 1 . 4 . 1 3 31 2 3 6 5 Device 23 | . . . . . 1 . . 1 10 1 1 6 3 Storage 9 | . 2 . 1 . 2 . . 1 1 . . . 2 Processor 1 | . 1 . . . . . . . . . . . . Hackware 26 | . . . . . 1 . 1 1 20 1 2 . . Protection . | . . . . . . . . . . . . . . Artifact . | . . . . . . . . . . . . . . Weapon 110 | 2 3 . . 3 2 19 14 11 28 8 1 9 10 Energy Gun 43 | 2 3 . . 3 1 9 8 5 6 2 . 3 1 Energy Cannon 35 | . . . . . 1 7 . 4 11 4 . 3 5 Ballistic Gun 11 | . . . . . . 2 3 2 4 . . . . Ballistic Cannon 5 | . . . . . . . . . 3 . . 1 1 Launcher 4 | . . . . . . . . . . . . 2 2 Special Weapon 8 | . . . . . . . 1 . 4 1 1 . 1 Impact Weapon . | . . . . . . . . . . . . . . Slashing Weapon . | . . . . . . . . . . . . . . Piercing Weapon . | . . . . . . . . . . . . . . Special Melee Weapon 4 | . . . . . . 1 2 . . 1 . . . Unidentified Prototypes 4 | . . . . . . . 3 . . . . 1 . Corrupted Parts 2 | . . . . 2 . . . . . . . . . System Corruption 9 | . . . . 9 . . . . . . . . . Parts Lost 48 | . 1 . . 5 . 3 1 1 11 1 1 6 18 Power 6 | . . . . 1 . . . . 1 . 1 . 3 Propulsion 26 | . . . . 1 . 2 1 . 9 1 . 5 7 Utility 7 | . . . . 1 . . . . 1 . . 1 4 Weapon 9 | . 1 . . 2 . 1 . 1 . . . . 4 Highest Loss Streak 13 | . 1 . . 5 . 1 1 1 6 1 1 5 13 To Critical Strikes . | . . . . . . . . . . . . . . Average Slot Usage (%) 95 | . 99 100 100 83 77 98 99 94 92 99 100 98 90 Engine 6 | . 14 4 . 12 9 9 9 7 6 . 1 6 5 Reactor 1 | . . . . . . . . . . 6 5 . . Treads 36 | . 28 28 28 26 32 39 44 44 33 37 38 36 33 Wheel 1 | . . . . . . . . . 3 . . . . Device 3 | . . . . . 4 9 . 7 1 6 3 6 11 Storage 8 | . 14 14 14 14 9 9 9 9 7 7 7 7 6 Hackware 18 | . . . . . 3 9 17 8 23 23 26 23 19 Energy Gun 7 | . 27 28 28 28 16 12 12 13 2 3 3 2 . Energy Cannon 4 | . . . . . . 1 . 2 5 7 7 9 6 Ballistic Gun 1 | . . . . . . 3 5 . . . . . . Special Weapon 2 | . . . . . . . . . 3 2 3 1 2 Naked Turns . | . . . . . . . . . . . . . . Heaviest Build 214 | 7 30 29 49 55 62 64 54 214 213 79 75 72 119 Greatest Support 146 | 40 40 40 40 40 105 105 105 102 103 111 127 127 146 Greatest Overweight (x) 21 | . . . 1 2 2 . . 2 21 . . 1 1 Average Overweight (x) . | . . . . 1 . . . . . . . . . Largest Inventory Capacity 35 | 5 15 15 20 20 35 20 20 35 35 20 20 20 35 Average Capacity 20 | 5 14 15 15 20 20 20 20 22 21 20 20 20 25 Most Carried 35 | 3 11 12 15 15 20 20 20 35 35 20 20 20 19 Average Carried 18 | 1 8 11 13 12 16 19 19 21 19 19 19 18 16 Final Capacity 35 | 5 15 15 20 20 20 20 20 35 20 20 20 20 35 Final Carried 35 | 3 10 12 15 12 20 20 20 35 20 20 20 20 8 Class Distribution -------------------- 29% | Commander-Mutant 26% | Scavenger-Mutant 16% | Hacker-Mutant 14% | Mutant 9% | Bothacker-Mutant 3% | Hauler-Mutant Dominant Class ---------------- Mutant | -10/Materials Mutant | -10/Mines Mutant | -10/Exiles Mutant | -9/Mines Scavenger-Mutant | -8/Materials Scavenger-Mutant | -8/Garrison Mutant | -8/Materials Scavenger-Mutant | -8/Garrison Bothacker-Mutant | -7/Factory Commander-Mutant | -7/Garrison Commander-Mutant | -7/Factory Hacker-Mutant | -7/Garrison Scavenger-Mutant | -6/Factory Resources | -11 -10 -10 -10 -9 -8 -8 -8 -8 -7 -7 -7 -7 -6 ----------- Run | Jun Mat Min Exi Min Mat Gar Mat Gar Fac Gar Fac Gar Fac Matter Collected 3274 | 250 80 10 . 67 131 313 347 181 1120 185 170 231 189 Remotely . | . . . . . . . . . . . . . . Salvage Created 8640 | . 670 85 . 133 391 1112 1082 846 2046 874 133 562 706 Parts 441 | . 38 3 . 7 16 58 53 46 117 31 6 39 27 Haulers Intercepted 9 | . 1 . . . 2 . 4 . 2 . . . . Recyclers Shooed 3 | . 1 . . . . . 1 . 1 . . . . Parts Field Recycled . | . . . . . . . . . . . . . . Retrieved Matter . | . . . . . . . . . . . . . . Parts Self-Destructed . | . . . . . . . . . . . . . . Prevented . | . . . . . . . . . . . . . . Kills | -11 -10 -10 -10 -9 -8 -8 -8 -8 -7 -7 -7 -7 -6 ------- Run | Jun Mat Min Exi Min Mat Gar Mat Gar Fac Gar Fac Gar Fac Combat Hostiles Destroyed 172 | . 10 2 . 4 4 30 16 21 34 15 1 16 19 Melee 5 | . . . . . . . . . . . . 1 4 Guns 68 | . 9 2 . 4 3 18 11 10 5 5 . 1 . Cannons 72 | . . . . . . 12 . 10 27 9 1 9 4 AOE 18 | . 1 . . . . . 4 . . . . 3 10 Classes Destroyed 20 | . 6 . . 1 1 . 3 1 4 1 . 1 2 Worker 6 | . . . . . . . 1 . 3 . . . 2 Builder 2 | . . . . . . . . . 1 . . . 1 Tunneler 2 | . . . . . . . 1 . 1 . . . . Hauler 9 | . 1 . . . 2 . 4 . 2 . . . . Recycler 9 | . 2 . . . 1 . 1 . 4 . 1 . . Operator 7 | . 3 . . . 1 . 1 . 1 . . . 1 Watcher 9 | . 2 . . . . . 3 . 4 . . . . Swarmer 31 | . 3 . . 2 . 13 5 6 . 2 . . . Cutter 9 | . . . . . . . . 2 . . . 4 3 Grunt 65 | . 7 2 . 1 1 13 6 6 10 3 1 3 12 Brawler 7 | . . . . 1 . . . 2 1 2 . . 1 Duelist 2 | . . . . . . . . . . 2 . . . Protector 2 | . . . . . . . . . . . . . 2 Sentry 31 | . . . . . 3 4 3 4 6 6 . 5 . Demolisher 3 | . . . . . . . . . 3 . . . . Specialist 1 | . . . . . . . . . . . . 1 . Hunter 7 | . . . . . . . 2 1 4 . . . . Programmer 11 | . . . . . . . . . 8 . . 3 . Heavy 1 | . . . . . . . . . . . . . 1 Assembled 2 | . . . . . . . . . 2 . . . . Best Kill Streak 9 | . 3 2 . 2 2 6 5 9 4 3 1 5 6 Combat Bots Only 9 | . 3 2 . 2 2 6 4 9 3 3 1 5 6 Max Kills in Single Turn 6 | . 3 1 . 1 1 1 2 2 2 2 1 3 6 Gunslinging 1 | . 1 . . . . . . 1 . . . . . Exploded 4 | . 1 . . . . . 1 . . . . 3 4 Melee 1 | . . . . . . . . . . . . 1 1 Uniques/NPCs Destroyed . | . . . . . . . . . . . . . . Combat | -11 -10 -10 -10 -9 -8 -8 -8 -8 -7 -7 -7 -7 -6 -------- Run | Jun Mat Min Exi Min Mat Gar Mat Gar Fac Gar Fac Gar Fac Damage Taken 10574 | . 356 100 . 301 370 801 829 494 1995 953 329 1507 2539 Core 1393 | . 48 27 . 67 40 61 20 49 189 90 45 198 559 Absorbed by Shields 394 | . . . . . . . . . 18 338 . . 38 Regen/Repaired (Parts) 1288 | . . . . . . . 378 240 225 218 85 142 . Core Remaining (%) 59 | 100 . . . 43 . . . 69 . . . 25 . Volleys Fired 733 | . 44 4 . 10 30 102 58 81 167 104 20 65 48 Largest 2 | . 2 2 . 2 2 2 2 2 2 2 1 2 2 Hottest 210 | . 95 90 . 115 120 130 130 120 160 193 105 210 210 Shots Fired 1076 | . 86 8 . 20 56 150 114 114 224 133 20 90 61 Gun 589 | . 86 8 . 20 53 103 112 79 84 35 . 5 4 Cannon 440 | . . . . . 3 47 . 35 126 93 6 84 46 Launcher 8 | . . . . . . . . . . . . 1 7 Special 39 | . . . . . . . 2 . 14 5 14 . 4 Kinetic 111 | . . . . . . 21 28 8 37 . . . 17 Thermal 709 | . 23 4 . 13 56 127 23 47 173 115 6 89 33 Explosive 8 | . . . . . . . . . . . . 1 7 Electromagnetic 209 | . 63 4 . 7 . 2 61 59 . 13 . . . Robot Hit Streak 21 | . 8 6 . 9 21 11 15 9 14 15 3 7 7 Robot Miss Streak 13 | . 3 1 . 2 2 2 4 13 8 4 2 7 2 Penetration Max . | . . . . . . . . . . . . . . Secondary Targets 7 | . 1 1 . 1 . 3 . 1 . . . . . Max Gunslinging Chain 1 | . 1 1 . 1 . 1 . 1 . . . . . Shots Hit Robots 571 | . 59 6 . 11 44 67 80 36 114 71 10 42 31 Core Hits 317 | . 24 5 . 4 16 45 39 27 70 31 1 17 38 Critical Kills 4 | . . . . . . . . . . 1 . 2 1 Critical Parts Destroyed 2 | . . . . . . . . . 1 . . 1 . Critical Strikes 26 | . 3 1 . . 3 5 4 . 5 1 . 3 1 Burn 16 | . 2 1 . . 3 5 2 . 3 . . . . Meltdown 4 | . . . . . . . . . . 1 . 2 1 Destroy 2 | . . . . . . . . . 1 . . 1 . Blast 1 | . . . . . . . . . 1 . . . . Corrupt 3 | . 1 . . . . . 2 . . . . . . Melee Attacks 5 | . . . . . . . 2 . . 3 . . . Impact . | . . . . . . . . . . . . . . Slashing . | . . . . . . . . . . . . . . Piercing . | . . . . . . . . . . . . . . Sneak Attacks 5 | . . . . . . . 2 . . 3 . . . Combat Hostiles . | . . . . . . . . . . . . . . Follow-up Attacks . | . . . . . . . . . . . . . . Damage Inflicted 18290 | . 935 91 . 146 740 2226 1648 1554 4280 1881 80 2013 2696 Guns 6646 | . 843 91 . 146 594 945 1399 729 1187 544 . 87 81 Cannons 9301 | . . . . . 112 1281 . 825 3050 1337 73 1505 1118 Explosions 2171 | . 83 . . . . . 235 . . . . 408 1445 Melee . | . . . . . . . . . . . . . . Ramming 172 | . 9 . . . 34 . 14 . 43 . 7 13 52 Kinetic 1691 | . . . . . . 205 529 90 544 . . . 323 Thermal 12333 | . 268 38 . 51 706 2021 413 944 3693 1658 73 1592 876 Explosive 1853 | . . . . . . . . . . . . 408 1445 Electromagnetic 2241 | . 658 53 . 95 . . 692 520 . 223 . . . Impact . | . . . . . . . . . . . . . . Slashing . | . . . . . . . . . . . . . . Piercing . | . . . . . . . . . . . . . . Highest Corruption 19 | . . . . 19 . . 1 1 4 . . 1 . Average Corruption 2 | . . . . 17 . . 1 1 2 . . 1 . Corruption Purged 7 | . . . . . . . . . 6 . . 1 . Corruption Blocked . | . . . . . . . . . . . . . . Effects 51 | . . . . 12 . . 3 9 25 . . 2 . Message Errors 12 | . . . . 2 . . . 3 7 . . . . Matter Fused 11 | . . . . 5 . . . . 5 . . 1 . Heat Flow Errors 11 | . . . . 2 . . 1 2 5 . . 1 . Energy Discharges 3 | . . . . . . . . 1 2 . . . . Parts Fused 1 | . . . . 1 . . . . . . . . . Data Loss (minor) 5 | . . . . . . . . . 5 . . . . Data Loss (major) 6 | . . . . . . . 2 3 1 . . . . Misfires 1 | . . . . 1 . . . . . . . . . Weapon Failures 1 | . . . . 1 . . . . . . . . . Overload Shots . | . . . . . . . . . . . . . . Overflow Damage 473 | . 15 . . . 50 28 . 13 18 25 12 175 137 Projectiles 311 | . . . . . 50 28 . 13 18 25 12 88 77 Explosions 162 | . 15 . . . . . . . . . . 87 60 Melee . | . . . . . . . . . . . . . . Knockbacks 6 | . . . . . . . . . 6 . . . . Impact . | . . . . . . . . . . . . . . Kinetic 6 | . . . . . . . . . 6 . . . . Secondary . | . . . . . . . . . . . . . . Self-Inflicted Damage 305 | . 34 . . . . . 93 . 13 . . 87 78 Shots 6 | . 1 . . . . . 2 . . . . 1 2 Rammed 20 | . 1 . . . 2 . 1 . 7 . . 2 7 Targets Rammed 25 | . 1 . . . 2 . 1 . 7 . 1 3 10 Kicked . | . . . . . . . . . . . . . . Crushed 5 | . . . . . . . . . . . 1 1 3 Highest Temperature 602 | . 168 177 . 275 285 228 213 192 333 324 108 288 602 Average Temperature 89 | . 47 95 . 114 106 73 52 59 99 98 51 72 236 Received Heat Transfer 2956 | . 96 57 . 48 171 279 189 81 434 188 12 354 1047 Effects 17 | . . . . . . . . . 5 . . . 12 Energy Bleed 6 | . . . . . . . . . 4 . . . 2 Interference 3 | . . . . . . . . . 1 . . . 2 Matter Decay 2 | . . . . . . . . . . . . . 2 Short Circuit 1 | . . . . . . . . . . . . . 1 Damage (minor) 1 | . . . . . . . . . . . . . 1 Damage (major) 4 | . . . . . . . . . . . . . 4 Siege Activations . | . . . . . . . . . . . . . . Robots Corrupted 2 | . . . . . . . 1 1 . . . . . Combat Hostiles 2 | . . . . . . . 1 1 . . . . . Parts Fried 10 | . 1 . . . . . 5 2 . 2 . . . Impact Corruptions . | . . . . . . . . . . . . . . Robots Melted 7 | . . . . . 1 . . . 2 1 . 2 1 Combat Hostiles 7 | . . . . . 1 . . . 2 1 . 2 1 Parts Melted 51 | . 1 1 . . 6 7 . 2 29 3 . 2 . Heat Transferred 24134 | . 803 185 . 148 2053 5094 792 2062 7930 2534 74 1534 925 Parts Sabotaged . | . . . . . . . . . . . . . . Parts Stolen . | . . . . . . . . . . . . . . Parts Stripped . | . . . . . . . . . . . . . . Power Chain Reactions 5 | . 1 . . . . . 4 . . . . . . Missiles Intercepted . | . . . . . . . . . . . . . . Alert | -11 -10 -10 -10 -9 -8 -8 -8 -8 -7 -7 -7 -7 -6 ------- Run | Jun Mat Min Exi Min Mat Gar Mat Gar Fac Gar Fac Gar Fac Peak Influence 2764 | . 209 119 . 105 175 1036 573 1152 720 2764 2396 2569 1348 Initial 1677 | . . 69 . . 40 48 505 232 604 392 1451 1677 1348 Average 762 | . 94 114 . 48 84 595 367 793 273 1566 1451 2204 1172 Maximum Alert Level 5 | . 1 . . . . 3 2 4 3 5 5 5 4 Low Security (%) 22 | 100 92 100 . 100 100 13 3 . 36 . . . . Level 1 25 | . 7 . . . . 7 69 13 47 1 . . . Level 2 13 | . . . . . . 36 27 17 15 10 . . . Level 3 12 | . . . . . . 42 . 51 . 18 21 . 32 Level 4 9 | . . . . . . . . 17 . 17 57 . 67 Level 5 16 | . . . . . . . . . . 53 21 100 . High Security . | . . . . . . . . . . . . . . Max Security . | . . . . . . . . . . . . . . Squads Dispatched 45 | . 4 . . . 1 . 4 . 18 . 11 . 7 Investigation 13 | . 1 . . . . . 2 . 5 . 4 . 1 Extermination 9 | . . . . . . . . . 7 . 2 . . Reinforcement 14 | . 3 . . . . . 2 . 2 . 3 . 4 Assault 4 | . . . . . . . . . . . 2 . 2 Garrison 5 | . . . . . 1 . . . 4 . . . . Intercept . | . . . . . . . . . . . . . . Searches Triggered . | . . . . . . . . . . . . . . Construction Impeded 3 | . . . . . . . . . 1 . 1 . 1 Haulers Reinforced 1 | . . . . . . . . . . . 1 . . Active Scanning Responses . | . . . . . . . . . . . . . . Cargo Convoy Interrupts . | . . . . . . . . . . . . . . Stealth | -11 -10 -10 -10 -9 -8 -8 -8 -8 -7 -7 -7 -7 -6 --------- Run | Jun Mat Min Exi Min Mat Gar Mat Gar Fac Gar Fac Gar Fac Distress Signals 12 | . 1 . . . . . 2 . 2 6 1 . . Communications Jammed 1 | . . . . . . . . . 1 . . . . Distress Signals 1 | . . . . . . . . . 1 . . . . Times Spotted 251 | . 20 2 . 5 7 24 25 15 45 35 30 23 20 Peak Tracking Total 8 | . 4 2 . 3 3 5 4 5 7 5 7 5 8 Tactical Retreats 16 | . . . . 1 1 1 2 4 3 4 . . . Traps | -11 -10 -10 -10 -9 -8 -8 -8 -8 -7 -7 -7 -7 -6 ------- Run | Jun Mat Min Exi Min Mat Gar Mat Gar Fac Gar Fac Gar Fac Traps Triggered 9 | . 1 . . . . . 1 . 5 . . 2 . Indirectly . | . . . . . . . . . . . . . . Trap Hack Attempts 9 | . . . . . . 1 6 . . 2 . . . Triggered . | . . . . . . . . . . . . . . Disarmed 7 | . 3 . . . . 1 2 . . 1 . . . Reprogrammed . | . . . . . . . . . . . . . . Reused . | . . . . . . . . . . . . . . Traps Extracted . | . . . . . . . . . . . . . . Installed . | . . . . . . . . . . . . . . Triggered . | . . . . . . . . . . . . . . Machines | -11 -10 -10 -10 -9 -8 -8 -8 -8 -7 -7 -7 -7 -6 ---------- Run | Jun Mat Min Exi Min Mat Gar Mat Gar Fac Gar Fac Gar Fac Machines Disabled 66 | . 1 . . . . 7 1 7 2 13 34 1 . Max in Single Turn 1 | . 1 . . . . 1 1 1 . 1 . 1 . Garrison Access 1 | . . . . . . . . . 1 . . . . Garrison Relay 11 | . . . . . . 2 . 3 . 5 . 1 . Machines Repaired . | . . . . . . . . . . . . . . Machines Sabotaged . | . . . . . . . . . . . . . . Overloaded Fab Kills . | . . . . . . . . . . . . . . Hacking | -11 -10 -10 -10 -9 -8 -8 -8 -8 -7 -7 -7 -7 -6 --------- Run | Jun Mat Min Exi Min Mat Gar Mat Gar Fac Gar Fac Gar Fac Machines Accessed 53 | . 1 . 2 . 5 4 8 3 18 2 7 2 1 Terminals 32 | . 1 . . . 4 4 4 3 9 2 3 2 . Fabricators 4 | . . . . . . . . . 3 . 1 . . Repair Stations 3 | . . . . . . . 1 . 1 . 1 . . Recycling Units 4 | . . . . . . . 1 . 3 . . . . Scanalyzers 2 | . . . . . . . 1 . . . . . 1 Garrison Access 6 | . . . . . 1 . 1 . 2 . 2 . . Total Hacks 203 | . 4 . 2 . 13 7 28 7 93 8 34 3 4 Successful 113 | . 1 . 2 . 6 2 16 2 59 2 19 1 3 Failed 89 | . 3 . . . 7 5 12 5 33 6 15 2 1 Catastrophic 19 | . . . . . 2 2 1 . 11 1 2 . . Database Lockouts 1 | . . . . . . . . . 1 . . . . Manual 84 | . 2 . 1 . 12 . 16 . 30 . 23 . . Terminals 106 | . 4 . . . 12 7 15 7 32 8 18 3 . Fabricators 38 | . . . . . . . . . 34 . 4 . . Repair Stations 9 | . . . . . . . 5 . 3 . 1 . . Recycling Units 22 | . . . . . . . 4 . 18 . . . . Scanalyzers 7 | . . . . . . . 3 . . . . . 4 Garrison Access 19 | . . . . . 1 . 1 . 6 . 11 . . Terminal Hacks 28 | . 1 . 2 . 3 2 4 2 5 2 6 1 . Record 1 | . . . 1 . . . . . . . . . . Robot Schematic 4 | . . . . . 3 . . . 1 . . . . Open Door 2 | . . . . . . 1 . . . 1 . . . Open DSF 1 | . . . . . . . . . 1 . . . . Emergency Access Points 3 | . . . . . . . . 1 . 1 . 1 . Machine Index 1 | . . . . . . . . . . . 1 . . Terminal Index 1 | . . . . . . . . . . . 1 . . Unreport Threat 10 | . . . . . . . 3 . 3 . 4 . . Disarm Traps 1 | . 1 . . . . . . . . . . . . Zone Layout 1 | . . . . . . . 1 . . . . . . Garrison Registry 1 | . . . . . . . . 1 . . . . . Patrol Navigation 1 | . . . . . . 1 . . . . . . . EX-Prototype ID Bank 1 | . . . 1 . . . . . . . . . . Fabricator Hacks 35 | . . . . . . . . . 33 . 2 . . Load Schematic 18 | . . . . . . . . . 17 . 1 . . Build 17 | . . . . . . . . . 16 . 1 . . Repair Station Hacks 5 | . . . . . . . 3 . 2 . . . . Scan Component 3 | . . . . . . . 2 . 1 . . . . Repair 2 | . . . . . . . 1 . 1 . . . . Recycling Unit Hacks 4 | . . . . . . . 1 . 3 . . . . Retrieve Components 4 | . . . . . . . 1 . 3 . . . . Scanalyzer 5 | . . . . . . . 2 . . . . . 3 Insert Component 3 | . . . . . . . 1 . . . . . 2 Analyze 2 | . . . . . . . 1 . . . . . 1 Garrison Access Hacks 8 | . . . . . 1 . 1 . 3 . 3 . . Unlock Access 5 | . . . . . 1 . 1 . 1 . 2 . . Seal Access 1 | . . . . . . . . . 1 . . . . Coupler Status 2 | . . . . . . . . . 1 . 1 . . Unauthorized Hacks 28 | . . . . . 2 . 5 . 13 . 8 . . Terminals 9 | . . . . . 2 . 3 . 2 . 2 . . Assimilate 1 | . . . . . 1 . . . . . . . . Botnet 7 | . . . . . 1 . 2 . 2 . 2 . . Operators 1 | . . . . . . . 1 . . . . . . Fabricators 1 | . . . . . . . . . 1 . . . . Liberate 1 | . . . . . . . . . 1 . . . . Repair Stations 1 | . . . . . . . . . . . 1 . . Mechanics 1 | . . . . . . . . . . . 1 . . Recycling Units 9 | . . . . . . . 1 . 8 . . . . Monitor 2 | . . . . . . . 1 . 1 . . . . Reject 3 | . . . . . . . . . 3 . . . . Recyclers 2 | . . . . . . . . . 2 . . . . Mask 2 | . . . . . . . . . 2 . . . . Scanalyzers 1 | . . . . . . . 1 . . . . . . Extract 1 | . . . . . . . 1 . . . . . . Garrison Access 7 | . . . . . . . . . 2 . 5 . . Broadcast 1 | . . . . . . . . . . . 1 . . Restock 1 | . . . . . . . . . . . 1 . . Redirect 1 | . . . . . . . . . 1 . . . . Reprogram 3 | . . . . . . . . . 1 . 2 . . Watchers 1 | . . . . . . . . . . . 1 . . Data Cores Recovered 2 | . . . . . 1 . . . 1 . . . . Used . | . . . . . . . . . . . . . . Hacking Detections 37 | . 1 . . . 4 4 7 3 10 2 4 1 1 Full Trace Events 8 | . 1 . . . . 1 . . 3 . 2 . 1 Feedback Events . | . . . . . . . . . . . . . . Feedback Blocked . | . . . . . . . . . . . . . . Robot Schematics Acquired 3 | . . . . . 2 . . . 1 . . . . Robots Built 17 | . . . . . . . . . 16 . 1 . . Authchips 15 | . . . . . . . . . 15 . . . . Time 802 | . . . . . . . . . 686 . 116 . . Total Robot Build Rating 51 | . . . . . . . . . 48 . 3 . . Part Schematics Acquired 4 | . . . . . . . 3 . . . . . 1 Parts Built . | . . . . . . . . . . . . . . Authchips . | . . . . . . . . . . . . . . Time . | . . . . . . . . . . . . . . Total Part Build Rating . | . . . . . . . . . . . . . . Parts Repaired 2 | . . . . . . . 1 . 1 . . . . Time 85 | . . . . . . . 53 . 32 . . . . Parts Recycled . | . . . . . . . . . . . . . . Recycled Matter . | . . . . . . . . . . . . . . Retrieved Matter . | . . . . . . . . . . . . . . Retrieved Components 34 | . . . . . . . 10 . 24 . . . . Parts Scanalyzed 3 | . . . . . . . 1 . . . . . 2 Part Schematics Acquired 2 | . . . . . . . 1 . . . . . 1 Parts Damaged . | . . . . . . . . . . . . . . Bothacking | -11 -10 -10 -10 -9 -8 -8 -8 -8 -7 -7 -7 -7 -6 ------------ Run | Jun Mat Min Exi Min Mat Gar Mat Gar Fac Gar Fac Gar Fac Used RIF Installer 4 | . . . . . . 1 . 1 . 1 . 1 . Hotswap 1 | . . . . . . . . 1 . . . . . Signal Jammer 1 | . . . . . . . . . . . . 1 . Patrol Navigation 1 | . . . . . . . . . . 1 . . . Robots Hacked 16 | . . . . . . . 2 . 8 2 3 . 1 Non-combat 14 | . . . . . . . 2 . 8 . 3 . 1 Combat 2 | . . . . . . . . . . 2 . . . Robot Hacks Applied 26 | . . . . . . . 3 . 10 2 8 . 3 parse_system 2 | . . . . . . . . . 1 1 . . . no_distress 2 | . . . . . . . 1 . 1 . . . . find_chute 1 | . . . . . . . . . 1 . . . . map_earth 1 | . . . . . . . . . 1 . . . . purge_threat 8 | . . . . . . . . . 2 . 4 . 2 locate_traps 1 | . . . . . . . . . 1 . . . . recall_investigation 1 | . . . . . . . . . . . 1 . . formatsys_low 9 | . . . . . . . 2 . 3 . 3 . 1 formatsys_high 1 | . . . . . . . . . . 1 . . . Relay Couplers Released 48 | . . . . . . 9 . 10 3 17 . 9 . Machine Destruction 41 | . . . . . . 9 . 10 . 17 . 5 . Programmers 7 | . . . . . . . . . 3 . . 4 . Attached 6 | . . . . . . . 1 1 1 1 2 . . Fabnet Peak Effective % . | . . . . . . . . . . . . . . Robots Rewired 3 | . . . . . . . . . . 3 . . . Allies Hacked 1 | . . . . . . . . . 1 . . . . Hacks Repelled . | . . . . . . . . . . . . . . Allies | -11 -10 -10 -10 -9 -8 -8 -8 -8 -7 -7 -7 -7 -6 -------- Run | Jun Mat Min Exi Min Mat Gar Mat Gar Fac Gar Fac Gar Fac Total Allies 46 | . . . . . . 2 2 . 27 8 6 . 1 Largest Group 22 | . . . . . . 2 3 2 20 22 20 12 1 Highest-Rated Group 664 | . . . . . . 51 65 24 569 634 664 340 26 Highest-Rated Ally 80 | . . . . . . 31 31 14 34 80 80 34 26 Total Orders 165 | . . . . . . . 14 15 63 61 3 9 . STAY 63 | . . . . . . . 7 6 28 19 . 3 . FOLLOW 59 | . . . . . . . 3 5 19 32 . . . AID 31 | . . . . . . . 4 4 6 10 3 4 . DROP 6 | . . . . . . . . . 5 . . 1 . PICKUP 6 | . . . . . . . . . 5 . . 1 . Ally Attacks 272 | . . . . . . . 31 . 50 64 104 23 . Total Damage 13534 | . . . . . . . 517 . 1608 2889 6540 1980 . Kills 117 | . . . . . . . 5 . 14 26 56 16 . Allies Corrupted 1 | . . . . . . . . . . . 1 . . Allies Melted . | . . . . . . . . . . . . . . Intel | -11 -10 -10 -10 -9 -8 -8 -8 -8 -7 -7 -7 -7 -6 ------- Run | Jun Mat Min Exi Min Mat Gar Mat Gar Fac Gar Fac Gar Fac Robot Analysis Total . | . . . . . . . . . . . . . . Derelict Logs Recovered . | . . . . . . . . . . . . . . Drone Launches . | . . . . . . . . . . . . . . Drone Recoveries . | . . . . . . . . . . . . . . Exploration | -11 -10 -10 -10 -9 -8 -8 -8 -8 -7 -7 -7 -7 -6 ------------- Run | Jun Mat Min Exi Min Mat Gar Mat Gar Fac Gar Fac Gar Fac Turns Passed 19348 | 96 678 66 515 228 531 1291 1869 1449 6660 2871 1278 1282 534 Spaces Moved 9558 | 58 309 33 303 58 208 616 884 657 3443 1457 744 603 185 Core 6 | 6 . . . . . . . . . . . . . Treads 8815 | 52 309 33 303 58 208 616 884 657 2706 1457 744 603 185 Legs . | . . . . . . . . . . . . . . Wheels 737 | . . . . . . . . . 737 . . . . Hover . | . . . . . . . . . . . . . . Flight . | . . . . . . . . . . . . . . Fastest Speed 50 | 50 160 160 160 240 157 155 157 158 95 162 162 160 161 Average Speed 160 | 148 160 160 169 318 179 156 158 170 153 162 162 162 175 Slowest Speed 480 | 160 160 160 240 320 320 157 160 319 480 162 162 245 242 Overloaded Moves . | . . . . . . . . . . . . . . Propulsion Burnouts . | . . . . . . . . . . . . . . Robots Hopped . | . . . . . . . . . . . . . . Cave-ins Triggered . | . . . . . . . . . . . . . . Exploration Rate (%) 42 | 4 45 6 70 19 28 61 44 61 47 96 28 85 6 Regions Visited 13 Branch Regions 3 Pre-discovered Areas 1 | . . . 1 . . . . . . . . . . Known Exits Taken 4 | . . . . . 1 . 1 . 1 . 1 . . Unknown Exits Taken 5 | 1 1 1 1 1 . . . . . . . . . Scrap Searched . | . . . . . . . . . . . . . . Spaces Dug 51 | . . . . . . . . 2 5 . 3 . 41 Terrain Destroyed 155 | . 2 . . . . . 11 3 11 3 4 46 75 Melee . | . . . . . . . . . . . . . . Projectile 47 | . . . . . . . . 3 11 3 4 17 9 AOE 108 | . 2 . . . . . 11 . . . . 29 66 Terrain Rammed . | . . . . . . . . . . . . . . Walls Destroyed . | . . . . . . . . . . . . . . Machines Disabled . | . . . . . . . . . . . . . . Actions | -11 -10 -10 -10 -9 -8 -8 -8 -8 -7 -7 -7 -7 -6 --------- Run | Jun Mat Min Exi Min Mat Gar Mat Gar Fac Gar Fac Gar Fac Total 12458 | 65 405 38 306 82 311 789 1245 870 4589 1834 800 811 313 Wait 1602 | . 33 . . 8 37 32 236 91 783 221 23 93 45 Move 9543 | 57 308 32 302 57 207 614 884 655 3442 1456 743 601 185 Hop . | . . . . . . . . . . . . . . Pick Up 146 | 3 8 1 2 . 13 5 13 19 62 8 1 11 . Fast Attach 44 | 5 1 . . 1 5 3 3 2 15 1 1 7 . Attach 69 | . 2 . . 3 3 2 1 3 31 2 1 7 14 Detach 18 | . . . . . 3 . . 4 6 1 . 1 3 Swap 142 | . 5 1 1 2 4 21 19 11 41 13 8 10 6 Drop 107 | . 3 . 1 1 7 9 20 4 35 11 2 13 1 Fire 733 | . 44 4 . 10 30 102 58 81 167 104 20 65 48 Melee 5 | . . . . . . . 2 . . 3 . . . Ram 3 | . . . . . . . . . 3 . . . . Kick . | . . . . . . . . . . . . . . Crush 22 | . 1 . . . 2 . 1 . 4 . 1 3 10 Escape Stasis . | . . . . . . . . . . . . . . Rewire 15 | . . . . . . . 2 . . 12 . . 1 Trap 9 | . . . . . . 1 6 . . 2 . . . Miscellaneous . | . . . . . . . . . . . . . . Route ------- -11/Junkyard -10/Materials (discovered 2 exits: [*Mat] / [*Min]) -10/Mines -10/Exiles -9/Mines -8/Materials (discovered 2 exits: *Fac / Gar) -8/Garrison (discovered 3 exits: *Mat x3) -8/Materials (discovered 2 exits: *Fac / Gar) -8/Garrison (discovered 3 exits: *Fac x3) -7/Factory (discovered 5 exits: *Fac / [*Sto] / [*Low x2] / Gar) -7/Garrison (discovered 3 exits: *Fac x3) -7/Factory (discovered 4 exits: *Fac / [*Low] / Gar / Gar) -7/Garrison (discovered 2 exits: *Fac x2) -6/Factory History --------- Turn | Location | Event 4 | -11/Junkyard | Discovered new exit (range 15) 97 | -11/Junkyard | Entered Materials 305 | -10/Materials | Build established: Mutant 503 | -10/Materials | Discovered new exit (range 16) 666 | -10/Materials | Discovered new exit (range 8) 775 | -10/Materials | Entered Mines 833 | -10/Mines | Deemed a non-threat by the Exiles lab entrance 835 | -10/Mines | Discovered new exit (range 5) 841 | -10/Mines | Entered Exiles 883 | -10/Exiles | Met 8R-AWN 909 | -10/Exiles | Met EX-HEX 953 | -10/Exiles | Met EX-BIN 976 | -10/Exiles | Aligned with FarCom system 977 | -10/Exiles | Given EX-Vault access code 1016 | -10/Exiles | Opened EX-Vault 1030 | -10/Exiles | Found Gui. Plasma Cannon 1065 | -10/Exiles | Warned to stay clear of 0b10 Research branches 1111 | -10/Exiles | Met EX-DEC 1119 | -10/Exiles | Learned location of Zion (-7) 1327 | -10/Exiles | Discovered new exit (range 14) 1356 | -10/Exiles | Left Exiles lab with Gui. Plasma Cannon 1356 | -10/Exiles | Entered Mines 1371 | -9/Mines | System corruption reached 10% 1375 | -9/Mines | Core integrity fell below 50% 1409 | -9/Mines | Lost 5 parts (1p1n1u2w) 1546 | -9/Mines | Discovered new exit (range 15) 1584 | -9/Mines | Entered Materials 1584 | -8/Materials | Evolved 4 slots: Propulsion x3, Utility x1 1970 | -8/Materials | Discovered new exit (range 5) 2003 | -8/Materials | Garrison activated, responded to threat 2085 | -8/Materials | Build established: Scavenger-Mutant 2097 | -8/Materials | Identified exit to Garrison 2115 | -8/Materials | Entered Garrison 2146 | -8/Garrison | Triggered checkpoint 2168 | -8/Garrison | Garrison Relay disabled 2266 | -8/Garrison | Triggered checkpoint 2313 | -8/Garrison | Triggered checkpoint 2362 | -8/Garrison | Triggered checkpoint 2411 | -8/Garrison | Triggered checkpoint 2475 | -8/Garrison | Triggered checkpoint 2636 | -8/Garrison | Discovered new exit (range 10) 2840 | -8/Garrison | Triggered checkpoint 2878 | -8/Garrison | Garrison Relay disabled 2958 | -8/Garrison | Discovered new exit (range 15) 3149 | -8/Garrison | Installed Relay Interface Framework 3214 | -8/Garrison | Triggered checkpoint 3239 | -8/Garrison | Discovered new exit (range 12) 3343 | -8/Garrison | Rescued a captive Derelict 3348 | -8/Garrison | Rescued a captive Derelict 3406 | -8/Garrison | Entered Materials 3406 | -8/Materials | Accompanied by 2 allies 3472 | -8/Materials | Repaired Broken Adv. Treads 4554 | -8/Materials | Build established: Mutant 4698 | -8/Materials | Discovered new exit (range 16) 5275 | -8/Materials | Identified exit to Garrison 5275 | -8/Materials | Entered Garrison 5275 | -8/Garrison | Accompanied by 2 allies 5380 | -8/Garrison | Garrison Relay disabled 5458 | -8/Garrison | Triggered checkpoint 5501 | -8/Garrison | Triggered checkpoint 5544 | -8/Garrison | Destroyed 9 combat bots 5691 | -8/Garrison | Triggered checkpoint 5794 | -8/Garrison | Expanded RIF knowledge: Hotswap 5805 | -8/Garrison | Build established: Scavenger-Mutant 5808 | -8/Garrison | Garrison Relay disabled 5846 | -8/Garrison | Discovered new exit (range 5) 5878 | -8/Garrison | Discovered new exit (range 85) 5878 | -8/Garrison | Discovered new exit (range 8) 5878 | -8/Garrison | Discovered new exit (range 60) 6125 | -8/Garrison | Triggered checkpoint 6169 | -8/Garrison | Triggered checkpoint 6397 | -8/Garrison | Triggered checkpoint 6664 | -8/Garrison | Garrison Relay disabled 6724 | -8/Garrison | Entered Factory 6724 | -7/Factory | Accompanied by 2 allies 6724 | -7/Factory | Evolved 2 slots: Utility x2 6784 | -7/Factory | Build established: Hauler-Mutant 6876 | -7/Factory | Identified exit to DSF 7187 | -7/Factory | Lost 6 parts (5n1u) 7379 | -7/Factory | Assembled infested ambush trap array 7458 | -7/Factory | Build established: Hacker-Mutant 7489 | -7/Factory | Discovered new exit (range 14) 7836 | -7/Factory | Discovered new exit (range 9) 7978 | -7/Factory | Identified exit to Garrison 8007 | -7/Factory | Garrison activated, responded to threat 8187 | -7/Factory | Garrison activated, responded to threat 8258 | -7/Factory | Build established: Bothacker-Mutant 8308 | -7/Factory | Repaired Imp. Treads 9706 | -7/Factory | Build established: Scavenger-Mutant 9998 | -7/Factory | Discovered new exit (range 9) 10482 | -7/Factory | Central database locked down 10596 | -7/Factory | Build established: Bothacker-Mutant 10650 | -7/Factory | Fabricated D-53 Grenadier? 10930 | -7/Factory | Build established: Scavenger-Mutant 11028 | -7/Factory | Discovered new exit (range 4) 11324 | -7/Factory | Build established: Hacker-Mutant 11908 | -7/Factory | Fabricated D-53 Grenadier? 11974 | -7/Factory | Fabricated D-53 Grenadier? 12042 | -7/Factory | Fabricated D-53 Grenadier? 12129 | -7/Factory | Fabricated D-53 Grenadier (x1) 12173 | -7/Factory | Fabricated D-53 Grenadier (x1) 12213 | -7/Factory | Fabricated D-53 Grenadier (x1) 12282 | -7/Factory | Build established: Commander-Mutant 12312 | -7/Factory | Fabricated D-53 Grenadier (x1) 12464 | -7/Factory | Fabricated D-53 Grenadier? 12573 | -7/Factory | Fabricated M-28 Smith (x1) 12612 | -7/Factory | Fabricated D-53 Grenadier (x1) 12650 | -7/Factory | Fabricated D-53 Grenadier (x1) 12722 | -7/Factory | Fabricated O-24 Administrator? 12788 | -7/Factory | Fabricated D-53 Grenadier (x1) 12831 | -7/Factory | Fabricated D-53 Grenadier? 12888 | -7/Factory | Fabricated D-53 Grenadier? 13384 | -7/Factory | Entered Garrison 13384 | -7/Garrison | Accompanied by 20 allies 13420 | -7/Garrison | Triggered checkpoint 13758 | -7/Garrison | Garrison Relay disabled 13878 | -7/Garrison | Triggered checkpoint 13890 | -7/Garrison | Triggered checkpoint 13907 | -7/Garrison | Triggered checkpoint 14030 | -7/Garrison | Triggered checkpoint 14211 | -7/Garrison | Triggered checkpoint 14434 | -7/Garrison | Garrison Relay disabled 14506 | -7/Garrison | Rescued a captive Derelict 14507 | -7/Garrison | Rescued a captive Derelict 14624 | -7/Garrison | Expanded RIF knowledge: Patrol Navigation 14646 | -7/Garrison | Discovered new exit (range 10) 14674 | -7/Garrison | Triggered checkpoint 14717 | -7/Garrison | Triggered checkpoint 14729 | -7/Garrison | Garrison Relay disabled 15709 | -7/Garrison | Discovered new exit (range 15) 15775 | -7/Garrison | Triggered checkpoint 15800 | -7/Garrison | Garrison Relay disabled 15925 | -7/Garrison | Found embedded Infiltrators 15942 | -7/Garrison | Discovered new exit (range 15) 16023 | -7/Garrison | Garrison Relay disabled 16255 | -7/Garrison | Entered Factory 16255 | -7/Factory | Accompanied by 18 allies 16453 | -7/Factory | Identified exit to Garrison 16634 | -7/Factory | Discovered new exit (range 9) 17055 | -7/Factory | First assault squad dispatched 17302 | -7/Factory | Discovered new exit (range 15) 17397 | -7/Factory | Fabricated M-28 Smith (x1) 17521 | -7/Factory | Identified exit to Garrison 17533 | -7/Factory | Entered Garrison 17533 | -7/Garrison | Accompanied by 12 allies 17600 | -7/Garrison | Triggered checkpoint 17602 | -7/Garrison | Triggered checkpoint 17620 | -7/Garrison | Triggered checkpoint 17775 | -7/Garrison | Discovered new exit (range 13) 17800 | -7/Garrison | Core integrity fell below 50% 17820 | -7/Garrison | Triggered checkpoint 17885 | -7/Garrison | Expanded RIF knowledge: Signal Jamming 17964 | -7/Garrison | Garrison Relay disabled 17999 | -7/Garrison | Build established: Hacker-Mutant 18500 | -7/Garrison | Lost 5 parts (5n) 18687 | -7/Garrison | Discovered new exit (range 12) 18708 | -7/Garrison | Triggered checkpoint 18815 | -7/Garrison | Entered Factory 18815 | -6/Factory | Evolved 2 slots: Propulsion x1, Utility x1 19165 | -6/Factory | First assault squad dispatched 19325 | -6/Factory | Core integrity fell below 50% 19349 | -6/Factory | Self-destructed Last Messages --------------- 19340_ K-01 Serf collects debris. 19340_ U-05 Engineer lays Concrete. 19341_ K-01 Serf collects debris. 19341_ U-05 Engineer lays Concrete. 19343_ ALERT: Security rotation in progress. 19343_ U-05 Engineer lays Concrete. 19343_ K-01 Serf collects debris. 19344_ U-05 Engineer lays Concrete. 19344_ K-01 Serf collects debris. 19344_ U-05 Engineer lays Concrete. 19345_ The unstable cave ceiling collapses. 19345_ U-05 Engineer lays Concrete. 19347_ K-01 Serf collects debris. 19347_ U-05 Engineer lays Concrete. 19348_ Dispersion Rifle broken. 19348_ Overheating: Short circuit. 19348_ K-01 Serf collects debris. 19348_ U-05 Engineer lays Concrete. 19348_ K-01 Serf collects debris. 19349_ U-05 Engineer lays Concrete. Map ----- +----------------------------------------------------+ | ?????????????????????????????????????????????????? | | ?????????????????????????????????????????????????? | | ?????????????????????????????????????????????????? | | ?????????????????????????????????????????????????? | | ?????????????????????????????????????????????????? | | #####????????????????????????????????????????????? | | #????????????????????????????????????????????? | | #????????????????????????????????????????????? | | #??????????????????????g?????????????????????? | | #??????????????????????g?????????????????????? | | #??????????????????????? ??????????????????? | | #??????????????????????? ???????????????? | | #?????????????????????? u ?????????????? | | ##????????????????????? % ???????????? | | #????????????????????? !%=*???????????? | | ###??????????????????? %[%%!??????????? | | = #??????????????????? * =??????????? | | % #???????????????????? % ?????????? | | = #????????????????????? ?????????? | | ##???????????????????# ! ?????????? | | #???????????????????# %* # #?????????? | | # % #??????????????????## g % ?????????? | | #= #????????????????### ! ?????????? | | ## ############+#########;k % g %k * ????????? | | %|! k % ????????? | | ! @ k % ""?????????? | | = k u #?????????????? | | %= % #?????????????? | | % #?????????????? | | #+###"#########+########## #?????????????? | | #??? ???# #?????????????? | | #? """ """ #?###########?????????????? | | ] # ! """ """ #?????????????????????????? | | *# """ """ #?????????????????????????? | | # #?????????????????????????? | | # ??""" """ #?????????????????????????? | | #????"" ""?? #?????????????????????????? | | #?????? "????#?????????????????????????? | | #?????? ??????????????????????????????? | | #??????? ??????????????????????????????? | | #??????? ??????????????????????????????? | | #??????? ??????????????????????????????? | | ###########??????????????????????????????????????? | | ?????????????????????????????????????????????????? | | ?????????????????????????????????????????????????? | | | | | | | | | | | +----------------------------------------------------+ Best States ------------- Heat Dissipation 56 Energy Generation 23 Energy Capacity 340 Matter Stores 300 Matter Capacity 300 Sight Range 16 Terrain Scan Density 10 Jamming Range 16 Evasion (%) 41 Targeting Accuracy 6 Recoil Reduction 6 Offensive Hacking 10 Defensive Hacking 20 Relay Coupler Types 2 Relay Coupler Value 41 Authchip Count 16 Item Schematics ----------------- System Shield | -8/Materials | Scanalyzed Weight Redist. System | -8/Materials | Extracted EM Pulse Gun | -8/Materials | Extracted System Restoration Module | -6/Factory | Scanalyzed Robot Schematics ------------------ M-28 Smith | -8/Materials | Hacked O-24 Administrator | -8/Materials | Hacked D-53 Grenadier | -7/Factory | Hacked Fabricated ------------ D-53 Grenadier | x1 | -7/Factory D-53 Grenadier | x1 | -7/Factory | Authchip D-53 Grenadier | x1 | -7/Factory | Authchip D-53 Grenadier | x1 | -7/Factory | Authchip D-53 Grenadier | x1 | -7/Factory | Authchip D-53 Grenadier | x1 | -7/Factory | Authchip D-53 Grenadier | x1 | -7/Factory | Authchip D-53 Grenadier | x1 | -7/Factory | Authchip D-53 Grenadier | x1 | -7/Factory | Authchip M-28 Smith | x1 | -7/Factory | Authchip D-53 Grenadier | x1 | -7/Factory | Authchip D-53 Grenadier | x1 | -7/Factory | Authchip O-24 Administrator | x1 | -7/Factory | Authchip D-53 Grenadier | x1 | -7/Factory | Authchip D-53 Grenadier | x1 | -7/Factory | Authchip D-53 Grenadier | x1 | -7/Factory | Authchip M-28 Smith | x1 | -7/Factory Alien Tech Used ----------------- None Achievements -------------- None Challenges ------------ None Game ------ Seed ProcessingIonicSpear Manual? 0 Play Time 04:11:01 Cumulative 306.0 hours Start 2023.09.14 @ 10:51:28 End 2023.09.14 @ 16:12:54 Sessions 1 Manual Loads 0 Difficulty Rogue Special Mode None Game No. 202 Rogue 199 Adventurer 3 Explorer 0 Win Type - Total 5 Types 4/0/1/0/0/0/0/0/0 Lore% 71 Gallery% 75 Achievement% 64 Wizard Run 0 Options --------- ASCII 0 Keyboard 0 Movement Numpad Keybinds 0 Fullscreen 1 Font 18/SmallcapsGlow Map View 76x50 Tactical HUD 1 Map Filters NONE Filters NONE Steam 1 RUN: 7014c455-ba0b-4cad-a333-dabbee3d8cd5